 Dungeon Crawl Stone Soup version 0.21-a0-349-g0c35859 (webtiles) character file.

32153 Amnesiac the Martial Artist (level 13, -12/98 (99) HPs)
             Began as a Gnoll Transmuter on Oct 8, 2017.
             Was an Elder of Ashenzari.
             Mangled by a tentacled starspawn (13 damage)
             ... while paralysed by accursed screaming
             ... on level 3 of the Abyss.
             The game lasted 00:41:29 (14717 turns).

Amnesiac the Martial Artist (Gnoll Transmuter)     Turns: 14717, Time: 00:41:29

HP:   -12/98 (99)   AC:  9    Str: 12 (13) XL:     13   Next: 62%
MP:   24/26         EV: -1    Int: 12      God:    Ashenzari [****..]
Gold: 937           SH:  0    Dex: 19 (20) Spells: 4/31 levels left

rFire    . . .     SeeInvis +     - Unarmed
rCold    + . .     Gourm    .   (shield currently unavailable)
rNeg     . . .     Faith    +   s - +2 robe {rC+}
rPois    .         Spirit   .   q - +0 helmet
rElec    .         Reflect  .   Z - +0 cloak
rCorr    .         Harm     .   (gloves currently unavailable)
MR       .....     Clarity  +   Q - +1 pair of boots {Stlth+}
Stlth    +++++.....             H - amulet of faith (curse)
HPRegen  0.26/turn              l - ring of flight (curse)
MPRegen  0.20/turn              (no ring)

@: paralysed, about to teleport, blade hands, constricted, deflect missiles
A: distributed training, fangs 1, repulsion field 1, blink, [blurry vision 2],
[deterioration 2], [dopey 2], [screaming 2], subdued magic 1, [MP-powered
wands], strong nose
a: End Transformation, Blink, Curse Item, Scrying, Renounce Religion, Evoke
Flight


You were on level 3 of the Abyss.
You worshipped Ashenzari.
Ashenzari was greatly pleased with you.
You were very hungry.
You had blades for hands.
You visited 2 branches of the dungeon, and saw 14 of its levels.
You visited the Abyss 1 time.
You also visited: Ossuary.

You collected 937 gold pieces.

Inventory:

Hand Weapons
 z - the +9 shortbow of Giore {speed, rPois Stlth+}
   (You took it off a centaur warrior on level 13 of the Dungeon)

   Attacks with this weapon are significantly faster.
   It protects you from poison.
   It makes you more stealthy.
 W - a +2 demon blade of flaming (melded)
Missiles
 a - 198 arrows
Armour
 q - a +0 helmet (worn)
 s - a +2 robe of cold resistance (worn)
 P - a +2 robe of magic resistance
 Q - a +1 pair of boots of stealth (worn)
 Y - a +0 pair of gloves (melded)
 Z - a +0 cloak (worn)
Jewellery
 l - a cursed ring of flight (left scythe-like blade)
 w - an uncursed ring of ice
 G - an uncursed ring of magical power
 H - a cursed amulet of faith (around neck)
Wands
 b - a wand of confusion (21/48)
 x - a wand of digging (16/24)
 J - a wand of iceblast (7/15)
 K - a wand of confusion (43/48)
 T - a wand of lightning (7/15)
 V - a wand of confusion (36/48)
Scrolls
 c - a scroll of immolation {!r, unknown}
 e - a scroll of magic mapping {!r}
 g - 6 scrolls of remove curse {!r}
 h - 2 scrolls of teleportation {!r}
 i - a scroll of enchant weapon {!r}
 k - 5 scrolls of amnesia {!r}
 o - a scroll of fog {!r}
 p - 3 scrolls of recharging {!r}
 y - a scroll of fear {!r}
 E - a scroll of vulnerability {!r}
 O - a scroll of blinking {!r}
Potions
 j - 3 potions of flight {!q, unknown}
 m - 4 potions of mutation {!q}
 r - a potion of brilliance {!q, unknown}
 t - 3 potions of lignification {!q, unknown}
 u - 3 potions of ambrosia {!q, unknown}
 v - 4 potions of berserk rage {!q}
 B - 3 potions of agility {!q}
 C - a potion of invisibility {!q, unknown}
 D - 4 potions of magic {!q, unknown}
 F - 4 potions of heal wounds {!q, unknown}
 I - 3 potions of might {!q, unknown}
 L - a potion of curing {!q, unknown}
 M - a potion of degeneration {!q, unknown}
 N - 2 potions of cancellation {!q, unknown}
 S - 3 potions of haste {!q}
Comestibles
 d - 7 bread rations
 f - 8 meat rations
 n - 11 royal jellies
 R - 16 fruits


   Skills:
 + Level 8.7 Fighting
 + Level 8.3 Short Blades
 + Level 8.3 Long Blades
 + Level 8.3 Axes
 + Level 8.3 Maces & Flails
 + Level 8.3 Polearms
 + Level 8.3 Staves
 + Level 8.3 Slings
 + Level 8.3 Bows
 + Level 8.3 Crossbows
 + Level 8.3 Throwing
 + Level 8.3 Armour
 + Level 9.5 Dodging
 + Level 8.3 Stealth
 + Level 8.3 Shields
 + Level 10.5 Unarmed Combat
 + Level 9.7 Spellcasting
 + Level 8.3(10.6) Conjurations
 + Level 8.3(10.6) Hexes
 + Level 8.3(10.6) Charms
 + Level 8.3(10.6) Summonings
 + Level 8.3(10.6) Necromancy
 + Level 8.3(10.6) Translocations
 + Level 9.5(11.7) Transmutations
 + Level 8.3(10.6) Fire Magic
 + Level 8.3(10.6) Ice Magic
 + Level 8.3(10.6) Air Magic
 + Level 8.3(10.6) Earth Magic
 + Level 8.3(10.6) Poison Magic
 + Level 8.3 Invocations
 + Level 8.3(10.6) Evocations


You had 4 spell levels left.
You knew the following spells:

 Your Spells              Type           Power        Failure   Level  Hunger
a - Blade Hands           Tmut           ####......   21%         5    #####..
b - Sticks to Snakes      Tmut           ####....     6%          2    None
c - Spider Form           Tmut/Pois      ####......   9%          3    ##.....
d - Beastly Appendage     Tmut           ####..       5%          1    None
e - Mephitic Cloud        Conj/Pois/Air  ###.....     10%         3    ##.....
f - Ice Form              Ice/Tmut       ####....     14%         4    ####...
g - Deflect Missiles      Chrm/Air       ###.......   63%         6    #######
r - Regeneration          Chrm/Necr      ###.......   10%         3    ##.....


Dungeon Overview and Level Annotations

Branches:
Dungeon (13/15)            Temple (1/1) D:6            Lair (0/6) D:10
    Orc (0/2) D:11
 Vaults: D:13-14

Altars:
Ashenzari
Cheibriados
Dithmenos
Elyvilon
Fedhas
Gozag
Hepliaklqana
Kikubaaqudgha
Makhleb
Nemelex Xobeh
Okawaru
Qazlal
Ru
Sif Muna
Trog
Uskayaw
Vehumet
Wu Jian
Xom
Yredelemnul
Zin
The Shining One

Shops:
D:11 ?

Annotations:
D:13 3 runed doors


Innate Abilities, Weirdness & Mutations

Your experience applies equally to all skills.
You have very sharp teeth.
Your uncanny sense of smell can sniff out nearby items.
You are surrounded by a mild repulsion field. (EV +2)
You can translocate small distances at will.
Your spells are a little easier to cast, but a little less powerful.
[Scrolls take you longer to read.]
[Your body often deteriorates upon taking damage.]
[You are very dopey. (Int -4)]
[You sometimes yell uncontrollably at your foes.]
[You expend magic power (3 MP) to strengthen your wands.]


Message History

A chorus of shrieks assaults your mind. The tentacled starspawn bites you.
The tentacled starspawn completely misses you.
The wretched star pulses with an eldritch light!
Your vision blurs. x2
You slash the tentacled starspawn!
The starspawn tentacle loses its grip on you.
The tentacled starspawn is moderately damaged.
The starspawn tentacle barely misses you.
The starspawn tentacle closely misses you.
A starcursed mass splits. x2
Unknown command.
You hit the tentacled starspawn.
The tentacled starspawn is heavily damaged.
The tentacled starspawn bites you but does no damage.
The tentacled starspawn engulfs you.
The wretched star pulses with an eldritch light!
You feel your magical essence link to your wands.
The starspawn tentacle closely misses you.
The starspawn tentacle misses you.
Unknown command.
You hit the tentacled starspawn.
The tentacled starspawn is heavily damaged.
The tentacled starspawn misses you.
The tentacled starspawn engulfs you but does no damage.
The starspawn tentacle grabs you. The starspawn tentacle constricts you.
You escape the starspawn tentacle's grasp.
A chorus of shrieks assaults your mind.
* * * LOW HITPOINT WARNING * * *
The starspawn tentacle grabs you.
* * * LOW HITPOINT WARNING * * *
The starspawn tentacle constricts you.
Really read
h - 3 scrolls of teleportation {!r}?
Really read with blurry vision while enemies are nearby?
The starspawn tentacle constricts you.
You begin reading the scroll.
You continue reading the scroll.
A starcursed mass splits.
The tentacled starspawn bites you.
* * * LOW HITPOINT WARNING * * *
The tentacled starspawn closely misses you.
* * * LOW HITPOINT WARNING * * *
The starspawn tentacle constricts you.
As you read the scroll of teleportation {!r}, it crumbles to dust.
You feel strangely unstable.
You feel the power of the Abyss delaying your translocation!
Unknown command.
Autopickup is now off.
Unknown command.
You hit the starspawn tentacle.
You bite the starspawn tentacle, but do no damage.
The starspawn tentacle is lightly damaged.
A deafening chorus of shrieks assaults your mind!
* * * LOW HITPOINT WARNING * * *
Your body deteriorates!
You feel weakened.
You suddenly lose the ability to move!
The tentacled starspawn bites you!
* * * LOW HITPOINT WARNING * * *
The tentacled starspawn engulfs you.
* * * LOW HITPOINT WARNING * * *
* * * LOW HITPOINT WARNING * * *
The starspawn tentacle constricts you. The tentacled starspawn bites you!
* * * LOW HITPOINT WARNING * * *
Your body deteriorates!
You feel clumsy. The tentacled starspawn engulfs you!
You die...

, **
##..,.#.#...
* , , **
#.......... ,
* , ,
...#.... #
.,* ,*,
#..#.. .#.,*
,, , ,,*
,#...... ...
** ,, **,
#.X.#,..# ,.
, ,,
,##XX##.##..#
* , ,*** ,
,{#wwX......#
, ,*
,#@X*X..... ,
* , ,, * *
,#####+#####
, ,, ,,, , ,
** , * ,, ,
,, , , , ,, ,
,,, * * ,, ,
* *,*, , , *
* , ,, ,* * *
* * *, , ,,,
* * * * * ,*
* ,* *,,


You could see 5 starcursed masses, a tentacled starspawn, a wretched star and 2
starspawn tentacles.

Vanquished Creatures
  A tentacled starspawn (Abyss:3)
  Fannar (D:10)
  2 hydras
  3 centaur warriors (D:13)
  5 two-headed ogres
  A tengu warrior (D:13)
  Urug (D:12)
  A deep elf knight (D:13)
  A fire crab (shapeshifter) (D:13)
  A sixfirhy (Abyss:3)
  An unseen horror (D:11)
  A starcursed mass (Abyss:3)
  The ghost of Dominolapin the Caller, a novice VSSu of Ashenzari (D:7)
  An ugly thing (D:11)
  3 cyclopes
  A manticore (D:13)
  Maurice (D:9)
  The ghost of tidbits the Charmwright, a novice GnSk of Makhleb (D:5)
  2 centaur skeletons
  2 gargoyles (D:13)
  3 kobold demonologists (D:11)
  A meliai (D:13)
  5 trolls
  Grinder (D:3)
  A blink frog (shapeshifter) (D:13)
  2 dream sheep (D:8)
  2 hippogriffs
  Sigmund (D:3)
  A ynoxinul (Abyss:3)
  A shadow (D:12)
  2 yaks (D:8)
  A vampire (D:11)
  2 wraiths (D:10)
  2 wyverns
  A basilisk (D:13)
  2 hungry ghosts
  2 wargs (D:10)
  A soldier ant (D:11)
  Duvessa (D:4)
  5 phantoms
  4 sky beasts
  5 orc warriors
  A black bear (shapeshifter) (D:13)
  2 black bears
  An eye of draining (shapeshifter) (D:13)
  5 ice beasts
  2 eyes of draining (D:8)
  4 ogres
  3 necrophages (D:7)
  4 centaurs
  2 crocodiles (D:10)
  6 big kobolds
  11 bullfrogs
  3 elf zombies (D:5)
  2 elf skeletons (D:5)
  Dowan (D:4)
  A wyvern skeleton (D:7)
  6 scorpions
  14 killer bees
  6 wights
  3 howler monkeys (D:8)
  6 crimson imps
  4 bullfrog zombies
  3 human zombies
  3 centaur zombies
  3 jellies
  10 hounds
  9 orc priests
  4 bullfrog skeletons
  12 orc wizards
  A human skeleton (D:5)
  Terence (D:3)
  4 iguanas
  12 worker ants
  2 big kobold zombies (Ossuary)
  2 hound zombies
  2 mummies (Ossuary)
  A worker ant zombie (D:5)
  5 gnolls
  9 adders
  3 shadow imps
  3 adder zombies
  3 adder skeletons
  8 dart slugs
  7 leopard geckos
  46 orcs
  8 bats
  A giant cockroach (D:3)
  9 goblins
  7 hobgoblins
  5 jackals
  21 kobolds
  11 quokkas
  A ball python (D:3)
  A ball python skeleton (D:4)
  7 frilled lizards
  12 hobgoblin zombies (Ossuary)
  A jackal zombie (Ossuary)
  9 kobold zombies (Ossuary)
  A leopard gecko zombie (D:7)
  3 orc skeletons (D:5)
  7 orc zombies
  6 rats
  2 rat zombies (Ossuary)
  A bush (D:7)
  A plant (D:7)
431 creatures vanquished.

Vanquished Creatures (collateral kills)
  3 two-headed ogres (D:8)
  An orc warrior (D:13)
4 creatures vanquished.

Vanquished Creatures (others)
  A plant (D:10)
  8 starspawn tentacles (Abyss:3)
9 creatures vanquished.

Grand Total: 444 creatures vanquished

Notes
Turn   | Place    | Note
-------+----------+-------------------------------------------
     0 | D:1      | Amnesiac the Gnoll Transmuter began the quest for the Orb.
     0 | D:1      | Reached XP level 1. HP: 17/17 MP: 6/6
    25 | D:1      | Reached XP level 2. HP: 12/23 MP: 5/7
    29 | D:1      | Learned a level 2 spell: Sticks to Snakes
   291 | D:3      | Found a hazy altar of Hepliaklqana.
   458 | D:3      | Reached XP level 3. HP: 10/28 MP: 6/9
   469 | D:3      | Learned a level 3 spell: Spider Form
   604 | D:2      | Reached skill level 5 in Spellcasting
   719 | D:3      | Noticed Sigmund
   731 | D:3      | Killed Sigmund
   731 | D:3      | Reached skill level 1 in Short Blades
   731 | D:3      | Reached skill level 1 in Long Blades
   731 | D:3      | Reached skill level 1 in Axes
   731 | D:3      | Reached skill level 1 in Maces & Flails
   731 | D:3      | Reached skill level 1 in Polearms
   731 | D:3      | Reached skill level 1 in Staves
   731 | D:3      | Reached skill level 1 in Slings
   731 | D:3      | Reached skill level 1 in Bows
   731 | D:3      | Reached skill level 1 in Crossbows
   731 | D:3      | Reached skill level 1 in Throwing
   731 | D:3      | Reached skill level 1 in Armour
   731 | D:3      | Reached skill level 1 in Stealth
   731 | D:3      | Reached skill level 1 in Shields
   731 | D:3      | Reached skill level 1 in Conjurations
   731 | D:3      | Reached skill level 1 in Hexes
   731 | D:3      | Reached skill level 1 in Charms
   731 | D:3      | Reached skill level 1 in Summonings
   731 | D:3      | Reached skill level 1 in Necromancy
   731 | D:3      | Reached skill level 1 in Translocations
   731 | D:3      | Reached skill level 1 in Fire Magic
   731 | D:3      | Reached skill level 1 in Ice Magic
   731 | D:3      | Reached skill level 1 in Air Magic
   731 | D:3      | Reached skill level 1 in Earth Magic
   731 | D:3      | Reached skill level 1 in Poison Magic
   731 | D:3      | Reached skill level 1 in Invocations
   731 | D:3      | Reached skill level 1 in Evocations
   731 | D:3      | Reached XP level 4. HP: 28/35 MP: 4/11
   731 | D:3      | Reached XP level 5. HP: 33/41 MP: 4/12
   732 | D:3      | Noticed Terence
   743 | D:3      | Killed Terence
   783 | D:3      | Reached XP level 6. HP: 38/47 MP: 5/13
   848 | D:3      | Noticed Grinder
   857 | D:3      | Killed Grinder
   857 | D:3      | Reached skill level 5 in Dodging
   857 | D:3      | Reached skill level 5 in Transmutations
   971 | D:4      | Found a radiant altar of Vehumet.
   987 | D:4      | Reached XP level 7. HP: 52/52 MP: 12/15
  1057 | D:4      | Reached skill level 7 in Unarmed Combat
  1245 | D:5      | Entered Level 5 of the Dungeon
  1277 | D:4      | Noticed Dowan
  1438 | D:4      | Noticed Duvessa
  1451 | D:4      | Killed Duvessa
  1451 | D:4      | Reached XP level 8. HP: 35/60 MP: 13/16
  1453 | D:4      | Killed Dowan
  1500 | D:5      | Noticed tidbits's ghost (novice GnSk)
  1618 | D:5      | Found a shimmering altar of Xom.
  1891 | D:5      | Found a sand-covered staircase.
  1990 | Ossuary  | Entered an ossuary
  2311 | Ossuary  | Reached XP level 9. HP: 52/66 MP: 16/18
  2559 | D:6      | Found a sparkling altar of Nemelex Xobeh.
  2591 | D:5      | Learned a level 5 spell: Blade Hands
  2609 | D:5      | Killed tidbits's ghost
  2649 | D:6      | Found a hide-covered altar of Uskayaw.
  2672 | D:6      | Found a shadowy altar of Dithmenos.
  3935 | D:6      | Found a staircase to the Ecumenical Temple.
  3950 | Temple   | Entered the Ecumenical Temple
  4104 | Temple   | Became a worshipper of Ashenzari the Shackled
  4138 | D:6      | Reached skill level 5 in Fighting
  4156 | D:6      | Found a shimmering altar of Xom.
  5718 | D:3      | Reached * piety under Ashenzari
  6201 | D:5      | Reached skill level 8 in Unarmed Combat
  6256 | D:5      | Got the uncursed plate armour of Wedooh {rPois rF- rCorr Str+5}
  6750 | D:7      | Noticed Dominolapin's ghost (novice VSSu)
  6758 | D:7      | Killed Dominolapin's ghost
  6758 | D:7      | Reached XP level 10. HP: 73/74 MP: 15/20
  7050 | D:7      | Found a blossoming altar of Fedhas.
  7107 | D:7      | Reached skill level 5 in Short Blades
  7107 | D:7      | Reached skill level 5 in Long Blades
  7107 | D:7      | Reached skill level 5 in Axes
  7107 | D:7      | Reached skill level 5 in Maces & Flails
  7107 | D:7      | Reached skill level 5 in Polearms
  7107 | D:7      | Reached skill level 5 in Staves
  7107 | D:7      | Reached skill level 5 in Slings
  7107 | D:7      | Reached skill level 5 in Bows
  7107 | D:7      | Reached skill level 5 in Crossbows
  7107 | D:7      | Reached skill level 5 in Throwing
  7107 | D:7      | Reached skill level 5 in Armour
  7107 | D:7      | Reached skill level 5 in Stealth
  7107 | D:7      | Reached skill level 5 in Shields
  7107 | D:7      | Reached skill level 5 in Conjurations
  7107 | D:7      | Reached skill level 5 in Hexes
  7107 | D:7      | Reached skill level 5 in Charms
  7107 | D:7      | Reached skill level 5 in Summonings
  7107 | D:7      | Reached skill level 5 in Necromancy
  7107 | D:7      | Reached skill level 5 in Translocations
  7107 | D:7      | Reached skill level 5 in Fire Magic
  7107 | D:7      | Reached skill level 5 in Ice Magic
  7107 | D:7      | Reached skill level 5 in Air Magic
  7107 | D:7      | Reached skill level 5 in Earth Magic
  7107 | D:7      | Reached skill level 5 in Poison Magic
  7107 | D:7      | Reached skill level 5 in Invocations
  7107 | D:7      | Reached skill level 5 in Evocations
  7558 | D:8      | Noticed a two-headed ogre
  7571 | D:8      | Killed a two-headed ogre
  7614 | D:8      | Found a basalt altar of Yredelemnul.
  7618 | D:8      | Found an iron altar of Okawaru.
  7618 | D:8      | Noticed a two-headed ogre
  7629 | D:8      | Killed a two-headed ogre
  7680 | D:8      | Noticed a two-headed ogre
  7696 | D:8      | Learned a level 3 spell: Regeneration
  7880 | D:8      | Noticed a two-headed ogre
  7972 | D:8      | Reached ** piety under Ashenzari
  8034 | D:8      | Reached XP level 11. HP: 81/81 MP: 17/22
  8070 | D:8      | Noticed a two-headed hydra
  8087 | D:8      | Killed a one-headed hydra
  8203 | D:8      | Killed a two-headed ogre
  8203 | D:8      | Reached skill level 9 in Unarmed Combat
  8218 | D:8      | Killed a two-headed ogre
  8398 | D:8      | Noticed a two-headed ogre
  8427 | D:8      | Killed a two-headed ogre
  8634 | D:8      | Found a bloodstained altar of Trog.
  9233 | D:9      | Noticed Maurice
  9459 | D:9      | Killed Maurice
  9543 | D:10     | Entered Level 10 of the Dungeon
  9784 | D:10     | Found a snail-covered altar of Cheibriados.
 10040 | D:10     | Found a staircase to the Lair.
 10283 | D:11     | Found Plog's Magic Scroll Emporium.
 10355 | D:11     | Reached *** piety under Ashenzari
 10397 | D:11     | Noticed a two-headed ogre
 10420 | D:11     | Killed a two-headed ogre
 10420 | D:11     | Reached XP level 12. HP: 52/90 MP: 15/24
 10448 | D:11     | Noticed Fannar
 10487 | D:10     | Learned a level 4 spell: Ice Form
 10673 | D:10     | Killed Fannar
 10987 | D:11     | Noticed a two-headed ogre
 10997 | D:11     | Killed a two-headed ogre
 11013 | D:11     | Found a staircase to the Orcish Mines.
 11253 | D:11     | Found a shimmering altar of Xom.
 12014 | D:12     | Noticed Urug
 12043 | D:12     | Killed Urug
 12105 | D:12     | Reached **** piety under Ashenzari
 12175 | D:12     | Reached skill level 10 in Unarmed Combat
 12565 | D:12     | Learned a level 3 spell: Mephitic Cloud
 12698 | D:13     | Noticed a six-headed hydra
 12699 | D:13     | Noticed a tengu warrior
 12784 | D:13     | Killed a tengu warrior
 12788 | D:13     | Gained mutation: You have sharp toenails. [potion of mutation]
 12788 | D:13     | Gained mutation: You have a pair of small horns on your head. [potion of mutation]
 13089 | D:13     | Noticed a deep elf knight
 13091 | D:13     | Noticed a centaur warrior
 13115 | D:13     | Killed a deep elf knight
 13115 | D:13     | Reached XP level 13. HP: 92/97 MP: 20/26
 13577 | D:13     | Lost mutation: You have a pair of small horns on your head. [potion of mutation]
 13577 | D:13     | Lost mutation: You have sharp toenails. [potion of mutation]
 13577 | D:13     | Gained mutation: Your spells are a little easier to cast, but a little less powerful. [potion of mutation]
 13577 | D:13     | Gained mutation: You can translocate small distances at will. [potion of mutation]
 13577 | D:13     | Gained mutation: You are surrounded by a mild repulsion field. (EV +2) [potion of mutation]
 13590 | D:13     | Got the shortbow of Giore {speed, rPois Stlth+}
 13591 | D:13     | Identified the +9 shortbow of Giore {speed, rPois Stlth+} (You took it off a centaur warrior on level 13 of the Dungeon)
 13698 | D:13     | Found a runed door.
 13699 | D:13     | Noticed an ogre mage
 13700 | D:13     | Found a runed door.
 14003 | D:13     | Found a runed door.
 14128 | D:13     | Identified the Grimoire of Boosting Air
 14148 | D:13     | Learned a level 6 spell: Deflect Missiles
 14567 | D:13     | Cast into level 3 of the Abyss (a wizard)
 14689 | Abyss:3  | Noticed a starcursed mass
 14689 | Abyss:3  | Noticed a tentacled starspawn
 14689 | Abyss:3  | Noticed a tentacled starspawn
 14701 | Abyss:3  | Killed a tentacled starspawn
 14716 | Abyss:3  | Paralysed by accursed screaming for 1 turns
 14717 | Abyss:3  | HP: 1/98 [tentacled starspawn (13)]
 14717 | Abyss:3  | Mangled by a tentacled starspawn

Vault maps used:
D:1:      lightli_arrival_quake
D:3:      lemuel_round_altar, uniq_sigmund, uniq_terence, uniq_grinder
D:4:      kennysheep_slugbush, kennysheep_mini_moat, uniq_duvessa
D:5:      kennysheep_windowed_halls, xom_butterflies,
          nicolae_ossuary_entry_catacombs, first_bread
D:6:      nemelex_xobeh_ov_fountains_minmay, lemuel_doored_altar,
          lemuel_round_altar, minmay_temple_entry_statues_fountains, basic_altar
D:7:      fedhas_altar_decomposition
D:8:      chequers_temple_overflow_statue_of_worship, hangedman_ranch,
          trog_eyes_of_draining
D:9:      uniq_maurice
D:10:     erik_lair_orcish_takeover, cheibriados_altar_1
D:11:     orc_0_dummy, basic_altar, serial_shops, kennysheep_mini, uniq_fannar
D:12:     uniq_urug
D:13:     minmay_the_grid_triangle_9x9_line_8_mashed, david_vaults_1
Temple:   oiseaux_autumnal_temple
Abyss:3:  evilmike_abyss_exit_15, bh_abyss_xom_lugonu_altar
Ossuary:  ossuary_tomb_1

Skill      XL: |  1  2  3  4  5  6  7  8  9 10 11 12 13 |
---------------+----------------------------------------+-----
Spellcasting   | 5 6 7 8 9 |  9.7
Fighting       | 3 4 5 6 7 8 |  8.7
Short Blades   | 1 2 3 4 5 6 7 8 |  8.3
Long Blades    | 1 2 3 4 5 6 7 8 |  8.3
Axes           | 1 2 3 4 5 6 7 8 |  8.3
Maces & Flails | 1 2 3 4 5 6 7 8 |  8.3
Polearms       | 1 2 3 4 5 6 7 8 |  8.3
Staves         | 1 2 3 4 5 6 7 8 |  8.3
Slings         | 1 2 3 4 5 6 7 8 |  8.3
Bows           | 1 2 3 4 5 6 7 8 |  8.3
Crossbows      | 1 2 3 4 5 6 7 8 |  8.3
Throwing       | 1 2 3 4 5 6 7 8 |  8.3
Armour         | 1 2 3 4 5 6 7 8 |  8.3
Stealth        | 1 2 3 4 5 6 7 8 |  8.3
Shields        | 1 2 3 4 5 6 7 8 |  8.3
Conjurations   | 1 2 3 4 5 6 7 8 |  8.3
Hexes          | 1 2 3 4 5 6 7 8 |  8.3
Charms         | 1 2 3 4 5 6 7 8 |  8.3
Summonings     | 1 2 3 4 5 6 7 8 |  8.3
Necromancy     | 1 2 3 4 5 6 7 8 |  8.3
Translocations | 1 2 3 4 5 6 7 8 |  8.3
Fire Magic     | 1 2 3 4 5 6 7 8 |  8.3
Ice Magic      | 1 2 3 4 5 6 7 8 |  8.3
Air Magic      | 1 2 3 4 5 6 7 8 |  8.3
Earth Magic    | 1 2 3 4 5 6 7 8 |  8.3
Poison Magic   | 1 2 3 4 5 6 7 8 |  8.3
Invocations    | 1 2 3 4 5 6 7 8 |  8.3
Evocations     | 1 2 3 4 5 6 7 8 |  8.3
Dodging        | 5 6 7 8 9 |  9.5
Transmutations | 5 6 7 8 9 |  9.5
Unarmed Combat | 7 8 9 10 | 10.5

Action                   |  1- 3 |  4- 6 |  7- 9 | 10-12 | 13-15 || total
-------------------------+-------+-------+-------+-------+-------++-------
Melee: Unarmed           |    56 |    20 |   471 |   557 |    48 ||  1152
       Kick              |     5 |       |       |       |       ||     5
       Bite              |     4 |       |    11 |    58 |     8 ||    81
       Headbutt          |     4 |       |       |     2 |     1 ||     7
       Punch             |       |       |     7 |    26 |     6 ||    39
       Hand axe          |       |       |       |     4 |       ||     4
       Demon blade       |       |       |       |       |     1 ||     1
 Fire: Shortbow          |       |       |       |       |   101 ||   101
 Cast: Beastly Appendage |     9 |       |       |       |       ||     9
       Spider Form       |     2 |     4 |    26 |       |       ||    32
       Blade Hands       |       |       |    25 |    78 |     7 ||   110
       Regeneration      |       |       |       |     3 |     3 ||     6
       Sticks to Snakes  |       |       |       |    18 |     8 ||    26
       Ice Form          |       |       |       |     1 |     1 ||     2
       Deflect Missiles  |       |       |       |       |     2 ||     2
Invok: Curse Item        |       |       |     2 |       |       ||     2
 Abil: End Transformatio |       |     1 |     1 |     3 |     2 ||     7
  Use: Scroll            |       |       |       |    13 |     6 ||    19
       Potion            |       |       |       |     1 |     3 ||     4
 Stab: Sleeping          |       |     1 |    21 |    15 |     1 ||    38
       Distracted        |       |       |     1 |       |       ||     1
  Eat: Chunk             |       |     1 |    23 |    42 |     6 ||    72
       Bread ration      |       |       |     1 |       |       ||     1
       Royal jelly       |       |       |       |     1 |       ||     1
       Fruit             |       |       |       |       |     1 ||     1
Armor: Skin              |       |       |     8 |       |     3 ||    11
       Robe              |       |       |    17 |    70 |     8 ||    95
Dodge: Dodged            |    33 |    12 |   262 |   373 |    58 ||   738
       Deflected         |       |       |       |       |     4 ||     4
       Rpst.: Demon blade |       |       |       |       |     1 ||     1

Table legend:
 A = Spawn XP
 B = Non-spawn XP
 C = Spawn XP percentage of total XP
 D = Spawn monster count
 E = Non-spawn monster count
 F = Spawn count percentage of total count
 G = Total turns spent on level
                    A         B        C        D         E        F      G
               +---------+---------+-------+---------+---------+-------+---------
         Total |     997 |   44936 |   2.2 |       2 |     431 |   0.5 | 14717
               +---------+---------+-------+---------+---------+-------+---------
           D:1 |       0 |      46 |   0.0 |       0 |      21 |   0.0 |   720
           D:2 |       0 |     132 |   0.0 |       0 |      16 |   0.0 |   863
           D:3 |       0 |     573 |   0.0 |       0 |      27 |   0.0 |  1164
           D:4 |       0 |     753 |   0.0 |       0 |      33 |   0.0 |  1206
           D:5 |       0 |    1940 |   0.0 |       0 |      40 |   0.0 |  1354
           D:6 |       0 |     525 |   0.0 |       0 |      12 |   0.0 |   713
           D:7 |       0 |    2004 |   0.0 |       0 |      33 |   0.0 |   904
           D:8 |       0 |    6765 |   0.0 |       0 |      38 |   0.0 |  1118
           D:9 |       0 |    2638 |   0.0 |       0 |      46 |   0.0 |   845
          D:10 |       0 |    2777 |   0.0 |       0 |      23 |   0.0 |  1141
          D:11 |       0 |    8037 |   0.0 |       0 |      52 |   0.0 |  1237
          D:12 |       0 |    3363 |   0.0 |       0 |      20 |   0.0 |  1018
          D:13 |       0 |   12244 |   0.0 |       0 |      30 |   0.0 |  1628
       Abyss:3 |     997 |    2925 |  25.4 |       2 |       2 |  50.0 |   150
       Ossuary |       0 |     214 |   0.0 |       0 |      38 |   0.0 |   470
               +---------+---------+-------+---------+---------+-------+---------
